 Dungeon Crawl Stone Soup version 0.28.0-53-g5a82cb258f (webtiles) character file.

Game seed: 11273048718798360517

268 issech the Chopper (level 6, 0/53 HPs)
             Began as a Minotaur Monk on June 17, 2022.
             Slain by a sky beast (2 damage)
             ... on level 4 of the Dungeon.
             The game lasted 00:06:53 (3031 turns).

issech the Chopper (Minotaur Monk)                  Turns: 3031, Time: 00:06:53

Health: 0/53       AC: 12    Str: 15    XL:     6   Next: 1%
Magic:  5/5        EV:  3    Int:  7    God:
Gold:   115        SH:  7    Dex: 15    Spells: 5/5 levels left

rFire   . . .      SeeInvis .   o - +0 morningstar
rCold   . . .      Faith    .   s - +0 kite shield
rNeg    . . .      Spirit   .   i - +0 plate armour
rPois   .          Reflect  .   (helmet restricted)
rElec   .          Harm     .   k - +0 cloak
rCorr   .          Rampage  .   (no gloves)
Will    .....                   (no boots)
Stlth   ..........              (no amulet)
HPRegen 0.17/turn               (no ring)
MPRegen 0.09/turn               (no ring)

@: no status effects
A: horns 2, retaliatory headbutt
a: no special abilities


You were on level 4 of the Dungeon.
You visited 1 branch of the dungeon, and saw 4 of its levels.

You collected 115 gold pieces.

Inventory:

Hand Weapons
 a - a +0 hand axe
 m - a +0 hunting sling
 o - a +0 morningstar (weapon)
Missiles
 b - 4 boomerangs (quivered)
 c - 71 stones
 d - 46 arrows
 e - 6 poisoned darts
 l - 23 sling bullets
Armour
 g - a +0 scale mail
 i - a +0 plate armour (worn)
 k - a +0 cloak (worn)
 s - a +0 kite shield (worn)
Magical Staves
 f - a staff of cold
Scrolls
 j - 2 scrolls of teleportation
 n - a scroll of amnesia {unknown}
 r - a scroll of silence {unknown}
Potions
 h - 2 potions of curing {unknown}
 p - a potion of mutation {unknown}
 q - a potion of heal wounds {unknown}


   Skills:
 + Level 4.7 Fighting
 + Level 4.8(5.4) Axes
 + Level 3.4(4.6) Maces & Flails
 + Level 2.6 Armour
 + Level 4.1 Dodging
 + Level 1.7 Stealth
 + Level 0.6 Shields


You had 5 spell levels left.
You didn't know any spells.
Your spell library contained the following spells:

 Spells                   Type           Power      Damage    Failure   Level
 Slow                     Hex            0%         N/A       100%        1
 Sublimation of Blood     Necr           0%         N/A       100%        2
 Confusing Touch          Hex            0%         N/A       100%        3
 Vampiric Draining        Necr           0%         2d6       100%        3
 Petrify                  Tmut/Erth      0%         N/A       100%        4
 Irradiate                Conj/Tmut      0%         3d14      100%        5


Dungeon Overview and Level Annotations

Branches:
Dungeon (4/15)
 Temple: D:4-7

Altars:
Xom

Shops:
D:3 *


Innate Abilities, Weirdness & Mutations

You have a pair of horns on your head.
You reflexively headbutt those who attack you in melee.


Message History

You puncture the water moccasin skeleton!
You destroy the water moccasin skeleton!
You have reached level 6!
The sky beast hits you but does no damage.
Things that are here:
a +0 club; a +0 dagger; a goblin corpse You puncture the sky beast!
The sky beast is moderately wounded.
The sky beast hits you. The sky beast shocks you.
You miss the sky beast.
The sky beast is moderately wounded.
The sky beast hits you but does no damage.
You barely miss the sky beast.
The sky beast is moderately wounded.
The sky beast flickers out of sight!
Something hits you but does no damage. Something hits you.
Something shocks you.
You sock something! Your headbutt misses something.
You block something's attack.
You barely miss something. Something hits you but does no damage.
Something hits you. Something shocks you.
You closely miss something. Something hits you.
* * * LOW HITPOINT WARNING * * *
Something shocks you.
* * * LOW HITPOINT WARNING * * *
You hit something but do no damage. Something hits you but does no damage.
You block something's attack.
You barely miss something. You headbutt something.
Something hits you but does no damage.
You barely miss something. Something hits you but does no damage.
Something hits you.
* * * LOW HITPOINT WARNING * * *
Something shocks you.
* * * LOW HITPOINT WARNING * * *
Unknown command.
You barely miss something. Your headbutt misses something.
Something hits you but does no damage.
Unknown command.
You closely miss something. Something hits you but does no damage.
Something hits you.
You die...

....# ....##..#
##..##..#
###.##..#
.....#..#
.....#..#
.....#..##########
.....#..#........#
.....#..#.######@#
........#.# #{#
....#...#.#
#≈≈)≈≈#
....#...#.#
#≈≈≈.≈§≈#
....#.>.#.#
#≈≈..☼§≈#
#######.#.#
#≈.°○○≈≈# #.#.#
#≈..☼≈§≈# #.#.#
#§≈≈.≈≈≈# #.#.#
##≈≈≈≈≈##


There were no monsters in sight!

Vanquished Creatures
  A necrophage (D:4)
  A water moccasin skeleton (D:4)
  A hound (D:3)
  An orc priest (D:3)
  2 adders
  A gnoll (D:1)
  2 worms (D:3)
  2 dart slugs
  7 orcs
  2 endoplasms
  3 giant cockroaches
  5 goblins
  2 hobgoblins
  5 jackals
  8 kobolds
  2 quokkas
  7 ball pythons
  5 bats
  2 frilled lizards
  3 rats (D:3)
62 creatures vanquished.

Vanquished Creatures (others)
  A hobgoblin (D:4)
  A ball python (D:4)
2 creatures vanquished.

Grand Total: 64 creatures vanquished

Notes
Turn   | Place    | Note
-------+----------+-------------------------------------------
     0 | D:1      | issech the Minotaur Monk began the quest for the Orb.
     0 | D:1      | Reached XP level 1. HP: 19/19 MP: 0/0
    68 | D:1      | Found a faded altar of an unknown god.
   258 | D:1      | Reached XP level 2. HP: 26/27 MP: 1/1
   858 | D:1      | Reached XP level 3. HP: 33/33 MP: 2/2
  2207 | D:3      | Reached XP level 4. HP: 38/41 MP: 3/3
  2208 | D:3      | Reached skill level 1 in Armour
  2358 | D:3      | Reached skill level 1 in Maces & Flails
  2363 | D:3      | Reached XP level 5. HP: 31/47 MP: 4/4
  2731 | D:3      | Found Ercher's Assorted Antiques.
  2989 | D:4      | Found a shimmering altar of Xom.
  2990 | D:4      | Noticed a necrophage
  2990 | D:4      | Noticed a sky beast
  3011 | D:4      | Killed a necrophage
  3015 | D:4      | Reached XP level 6. HP: 44/53 MP: 5/5
  3029 | D:4      | HP: 1/53 [something (5)]
  3031 | D:4      | Slain by a sky beast

Illustrated notes

Levels and vault maps discovered:
D:1:      ebering_trefoil_twist, layout_basic,
          ebering_ecumenical_altar_petrified
D:2:      layout_loops_cross, serial_rivers, chequers_serial_rivers_micro_e,
          chequers_serial_rivers_marsh, chequers_serial_rivers_micro_c,
          chequers_serial_rivers_small_a, chequers_serial_rivers_micro_e,
          chequers_serial_rivers_small_3
D:3:      layout_basic, serial_shops, nicolae_shop_statue_plus
D:4:      layout_basic, lemuel_doored_altar, xom_confusion_cloud,
          kennysheep_generic_room_3

Skill      XL: |  1  2  3  4  5 |
---------------+----------------+-----
Fighting       | 4 |  4.7
Axes           | 4 |  4.8
Dodging        | 4 |  4.1
Armour         | 1 2 |  2.6
Maces & Flails | 1 3 |  3.4
Stealth        | |  1.7
Shields        | |  0.6

Action                   |  1- 3 |  4- 6 || total
-------------------------+-------+-------++-------
Melee: Hand axe          |    78 |       ||    78
       Morningstar       |    16 |    68 ||    84
       Headbutt          |     4 |    15 ||    19
Throw: Boomerang         |     1 |       ||     1
  Use: Scroll            |       |     1 ||     1
 Stab: Sleeping          |     1 |       ||     1
Armor: Robe              |    16 |       ||    16
       Plate armour      |    20 |    59 ||    79
       Scale mail        |    13 |       ||    13
Dodge: Dodged            |    68 |    14 ||    82
Block: Kite shield       |       |    21 ||    21
